 Dungeon Crawl Stone Soup version 0.32-a0-132-g2d33c3cfaf (webtiles) character file.

Game seed: 14173774258938411828

2853 Jannitor the Fighter (level 9, -2/97 HPs)
             Began as an Oni Chaos Knight on Feb 9, 2024.
             Was a Plaything of Xom.
             Slain by a red ugly thing (20 damage)
             ... on level 7 of the Dungeon.
             The game lasted 00:09:31 (7129 turns).

Jannitor the Fighter (Oni Chaos Knight)             Turns: 7129, Time: 00:09:32

Health: -2/97      AC:  4    Str: 20    XL:     9   Next: 75%
Magic:  9/9        EV: 12    Int: 16    God:    Xom [*.....]
Gold:   212        SH:  5    Dex: 15    Spells: 8/8 levels left

rFire   . . .        A - +3 broad axe (freeze)
rCold   + . .        (no shield)
rNeg    . . .        p - +1 robe "Qyebig" {Dex+4 Archmagi}
rPois   .            (helmet currently unavailable)
rElec   .            D - melded +0 cloak
rCorr   +            (gloves unavailable)
SInv    .            (boots unavailable)
Will    +....        z - amulet of reflection
Stlth   +            i - ring of resist corrosion
HPRegen 0.36/turn    r - ring of willpower
MPRegen 0.11/turn

%: reflection, archmagi
@: beast-form
A: beast (slay +2), large, unfitting armour, horns 1, tough skin 1, double
potion healing, drunken brawling, agile 1, clever 1, cold resistance 1,
screaming 1, inability to read after injury 1
a: Begin Untransformation, Renounce Religion


You were on level 7 of the Dungeon.
You worshipped Xom.
You were a special plaything of Xom.
You were a hulking beast.
You visited 1 branch of the dungeon, and saw 7 of its levels.

You collected 359 gold pieces.
You spent 147 gold pieces at shops.

Inventory:

Hand Weapons
 a - a +0 mace of protection
 x - a +0 war axe of electrocution
 A - a +3 broad axe of freezing (weapon)
Armour
 b - a +2 robe
 p - the +1 robe "Qyebig" (worn) {Dex+4 Archmagi}
   (You found it on level 2 of the Dungeon)

   Dex+4:     It affects your dexterity (+4).
   Archmagi:  It increases the power of your magical spells.
 D - a +0 cloak (melded)
Jewellery
 f - an amulet of the acrobat
 i - a ring of resist corrosion (left hand)
 r - a ring of willpower (right hand)
 z - an amulet of reflection (around neck)
 E - a ring of wizardry
 F - a +6 ring of strength
Talismans
 H - a beast talisman (active)
Wands
 m - a wand of flame (28)
 B - a wand of polymorph (15)
Scrolls
 c - a scroll of butterflies
 d - 5 scrolls of identify
 h - 2 scrolls of vulnerability
 j - a scroll of amnesia
 k - a scroll of enchant weapon {unknown}
 q - 2 scrolls of teleportation {unknown}
 u - 3 scrolls of revelation {unknown}
 v - 2 scrolls of immolation {unknown}
 y - a scroll of poison
 C - a scroll of blinking {unknown}
 G - a scroll of fear {unknown}
Potions
 e - a potion of curing {unknown}
 l - a potion of brilliance
 n - a potion of cancellation {unknown}
 o - 3 potions of degeneration {unknown}
 s - a potion of lignification {unknown}
 t - 2 potions of haste {unknown}
 w - 3 potions of attraction {unknown}


   Skills:
 + Level 8.7 Fighting
 * Level 6.2(6.9) Axes
 - Level 4.3(5.9) Maces & Flails
 + Level 4.8 Armour
 + Level 5.7 Dodging
 * Level 4.0 Shapeshifting


You had 8 spell levels left.
You didn't know any spells.
Your spell library contained the following spells:

 Spells                   Type           Power      Damage    Failure   Level
 Frozen Ramparts          Ice            0%         1d1       58%         3
 Fugue of the Fallen      Necr           0%         N/A       58%         3
 Ozocubu's Armour         Ice            0%         N/A       58%         3
 Tukima's Dance           Hex            0%         N/A       58%         3
 Dimensional Bullseye     Hex/Tloc       0%         N/A       94%         4
 Iskenderun's Mystic Bla  Conj/Tloc      0%         2d3       94%         4
 Leda's Liquefaction      Alch/Erth      0%         N/A       94%         4
 Manifold Assault         Tloc           0%         N/A       94%         4
 Petrify                  Alch/Erth      0%         N/A       94%         4
 Metabolic Englaciation   Hex/Ice        0%         N/A       100%        5


Dungeon Overview and Level Annotations

Branches:
Dungeon (7/15)             Temple (0/1) D:6

Altars:
Fedhas
Gozag
Nemelex Xobeh
Vehumet

Shops:
D:1 (   D:5 :

Annotations:
D:5 1 runed translucent door, Crazy Yiuf


Innate Abilities, Weirdness & Mutations

You are a hulking beast.
Your limbs bulge with bestial killing power. (Slay +2)
You are too large for most types of armour.
You have a pair of small horns on your head.
You have tough skin. (AC +1)
You gain doubled healing and magic from potions.
Whenever you drink a healing potion, you attack all around you.
You are agile. (Dex +4, Str/Int -1)
Your mind is acute. (Int +4, Str/Dex -1)
Your flesh is cold resistant. (rC+)
You occasionally shout uncontrollably at your foes.
You occasionally lose the ability to read scrolls when taking damage.


Message History

The red ugly thing gores you.
You are engulfed in flames!
You hit the red ugly thing. You freeze the red ugly thing.
You headbutt the red ugly thing!
The red ugly thing is moderately wounded.
The red ugly thing misses you. The red ugly thing gores you.
You are engulfed in flames!
You take a swig of the potion and twirl your +3 broad axe of freezing.
You barely miss the red ugly thing.
The red ugly thing is moderately wounded.
You savour every drop.
You feel much better.
The red ugly thing gores you but does no damage.
You slash the red ugly thing! You freeze the red ugly thing.
The red ugly thing is heavily wounded.
The red ugly thing gores you but does no damage.
You slash the red ugly thing! You freeze the red ugly thing.
The red ugly thing is heavily wounded.
The red ugly thing gores you!
You are engulfed in flames!
You barely miss the red ugly thing. You headbutt the red ugly thing.
The red ugly thing is severely wounded.
The red ugly thing completely misses you.
You completely miss the red ugly thing.
The red ugly thing is heavily wounded.
The red ugly thing barely misses you. The red ugly thing gores you.
You are engulfed in flames!!
* * * LOW HITPOINT WARNING * * *
You closely miss the red ugly thing.
The red ugly thing is heavily wounded.
The red ugly thing misses you.
You barely miss the red ugly thing.
The red ugly thing is heavily wounded.
The red ugly thing misses you.
You slash the red ugly thing! You freeze the red ugly thing.
The red ugly thing is almost dead.
The red ugly thing closely misses you.
You hit the red ugly thing. You freeze the red ugly thing.
The red ugly thing is almost dead.
The red ugly thing gores you.
* * * LOW HITPOINT WARNING * * *
You are engulfed in flames!!
You die...

##### ##...## ####### ##.....##
##...##. #.......###.......
#..^....##.....>..
#.......##[.......
#################.....###........
..............###....<.<##.......
...............uh.............##.
####)#########'#####..)##.#######
#.#..)#.## ........#...##.#
...#.#...#.##......#..###.#
#.#.#.#.##.#.##....#.##...#
.#.....#.#..#..###.#.##.#.###
..#u#.#..+..#.#...#'.##.#...#
.#...Y.#.#...#.###.#.## ###.##
#.#.#.#.##...#.#..##.# #..#


You could see a red ugly thing.

Vanquished Creatures
  An ugly thing (D:7)
  Menkaure (D:7)
  2 water moccasins
  A black bear (D:6)
  2 centaurs
  2 sky beasts (D:7)
  An ogre (D:6)
  A phantom (D:5)
  2 kobold brigands (D:7)
  2 bullfrogs
  4 scorpions
  3 gnoll sergeants (D:7)
  A howler monkey (D:5)
  4 orc priests
  2 hounds
  A bombardier beetle (D:5)
  Ijyb (D:4)
  7 iguanas
  A sleepcap (D:7)
  5 orc wizards
  5 gnolls (D:7)
  4 adders
  2 white imps
  2 ufetubi (D:6)
  A ribbon worm (D:2)
  A dart slug (D:2)
  32 orcs
  14 endoplasms
  3 giant cockroaches
  11 goblins
  6 hobgoblins
  3 jackals (D:2)
  4 quokkas
  6 ball pythons
  7 bats
  7 frilled lizards
  9 kobolds
  15 rats
176 creatures vanquished.

Vanquished Creatures (collateral kills)
  An orc wizard (D:3)
1 creature vanquished.

Grand Total: 177 creatures vanquished

Notes
Turn   | Place    | Note
-------+----------+-------------------------------------------
     0 | D:1      | Jannitor the Oni Chaos Knight began the quest for the Orb.
     0 | D:1      | Reached XP level 1. HP: 24/24 MP: 1/1
     4 | D:1      | Found Wufiet's Antique Weapon Shoppe.
   209 | D:1      | Reached XP level 2. HP: 32/32 MP: 2/2
   436 | D:1      | XOM: silly message
   443 | D:1      | Reached XP level 3. HP: 30/40 MP: 3/3
   444 | D:1      | XOM: smoke on damage
   543 | D:1      | XOM: god gift: scroll labelled QEYPSO QU MEGU {god gift}
   968 | D:2      | XOM: divination: detect items
  1053 | D:2      | Identified the +1 robe "Qyebig" {Dex+4 Archmagi}
  1286 | D:2      | Reached XP level 4. HP: 49/49 MP: 4/4
  1325 | D:2      | Reached skill level 5 in Fighting
  1991 | D:3      | Found a sparkling altar of Nemelex Xobeh.
  2009 | D:3      | Reached skill level 1 in Armour
  2150 | D:3      | XOM: cast spell 'Summon Hydra'
  2154 | D:3      | Reached XP level 5. HP: 53/57 MP: 5/5
  2165 | D:3      | XOM: cast spell 'Summon Cactus Giant'
  2505 | D:4      | Reached XP level 6. HP: 51/67 MP: 6/6
  2605 | D:4      | Noticed Ijyb
  2616 | D:4      | Killed Ijyb
  2657 | D:4      | XOM: give mutations
  2657 | D:4      | Gained mutation: Your mind is acute. (Int +4, Str/Dex -1)
                  | [Xom's mischief]
  2657 | D:4      | Gained mutation: You are agile. (Dex +4, Str/Int -1) [Xom's
                  | mischief]
  2657 | D:4      | Gained mutation: You occasionally shout uncontrollably at
                  | your foes. [Xom's mischief]
  2956 | D:4      | XOM: cloud trail
  3057 | D:4      | XOM: cast spell 'Chain of Chaos'
  3061 | D:4      | Reached skill level 6 in Fighting
  3710 | D:5      | Entered Level 5 of the Dungeon
  3710 | D:5      | XOM: enchant monster (bad)
  3715 | D:4      | Reached skill level 1 in Axes
  3725 | D:4      | Reached XP level 7. HP: 55/75 MP: 7/7
  3880 | D:5      | XOM: summons 2 hostile demons
  4031 | D:4      | XOM: silly message
  4118 | D:1      | Bought a runed broad axe for 147 gold pieces
  4355 | D:5      | You fall into a shaft and drop 2 floors!
  4387 | D:7      | XOM: blink monster(s)
  4389 | D:7      | XOM: silly message
  4522 | D:6      | Reached skill level 7 in Fighting
  4522 | D:6      | Reached XP level 8. HP: 82/87 MP: 8/8
  4778 | D:5      | Found a radiant altar of Vehumet.
  4798 | D:5      | XOM: polymorph orc -> rat
  4845 | D:5      | Found Lutej's Vocational Training.
  4860 | D:5      | XOM: 1-stop teleportation journey
  5036 | D:5      | XOM: silly message
  5055 | D:5      | Found a runed translucent door.
  5056 | D:5      | Noticed Crazy Yiuf
  5309 | D:5      | XOM: torment (45/87 hp)
  5493 | D:6      | XOM: give mutation
  5493 | D:6      | Gained mutation: You occasionally lose the ability to read
                  | scrolls when taking damage. [Xom's mischief]
  5855 | D:6      | Reached skill level 5 in Dodging
  5855 | D:6      | Reached skill level 1 in Shapeshifting
  5859 | D:6      | XOM: 3-stop teleportation journey
  5879 | D:6      | Found a blossoming altar of Fedhas.
  5945 | D:6      | Found a staircase to the Ecumenical Temple.
  6240 | D:7      | Reached skill level 5 in Axes
  6240 | D:7      | Reached XP level 9. HP: 88/96 MP: 9/9
  6259 | D:7      | Reached skill level 8 in Fighting
  6583 | D:7      | XOM: give mutation
  6583 | D:7      | Gained mutation: Your flesh is cold resistant. (rC+) [Xom's
                  | mischief]
  6688 | D:7      | Found an opulent altar of Gozag.
  6772 | D:7      | Noticed Menkaure
  6776 | D:7      | XOM: butterfly on damage
  6779 | D:7      | Killed Menkaure
  6955 | D:7      | XOM: confusion
  7092 | D:7      | Noticed a purple ugly thing
  7092 | D:7      | Noticed a red ugly thing
  7099 | D:7      | XOM: enchant monster (bad)
  7118 | D:7      | Killed a purple ugly thing
  7129 | D:7      | Slain by a red ugly thing

Illustrated notes

Levels and vault maps discovered:
D:1:      minmay_arrival_semitransparent, layout_basic, serial_shops, shop,
          interstate_on_off, chequers_serial_rivers_large_b
D:2:      layout_loops_ring
D:3:      layout_basic, nemelex_diamond_rough_becter, uniq_terence
D:4:      layout_basic, serial_bayou_pond_a, uniq_ijyb
D:5:      layout_rooms, general_overflow_altar, serial_bayou,
          serial_bayou_shore_a, serial_bayou_pond_c, serial_bayou_lagoon_a,
          serial_bayou_pond_d, moated_statue, nicolae_shop_vocational,
          uniq_crazy_yiuf_cottage
D:6:      layout_rooms, fedhas_altar_3, minmay_temple_entry_proselytizer
D:7:      layout_rooms, kennysheep_little_box, minmay_the_grid_2x2
          [minmay_the_grid_zigzag_pyramid, minmay_the_grid_expand,
          minmay_the_grid_diamond_grid, minmay_the_grid_prize_trominoes],
          uniq_menkaure

Skill      XL: |  1  2  3  4  5  6  7  8  9 |
---------------+----------------------------+-----
Fighting       | 5 6 7 8 |  8.7
Dodging        | 3 4 5 |  5.7
Armour         | 1 2 3 4 |  4.8
Maces & Flails | 4 |  4.3
Axes           | 1 3 5 6 |  6.2
Shapeshifting  | 2 4 |  4.0

Action                     |  1- 3 |  4- 6 |  7- 9 || total
---------------------------+-------+-------+-------++-------
  Melee: Mace              |   141 |   124 |       ||   265
         Headbutt          |    17 |    30 |    28 ||    75
         Punch             |       |     2 |     9 ||    11
         War axe           |       |    51 |    24 ||    75
         Broad axe         |       |       |   147 ||   147
    Use: Scroll            |     1 |     3 |       ||     4
         Potion            |       |     3 |     4 ||     7
   Stab: Sleeping          |     1 |     1 |     1 ||     3
 Armour: Robe              |   117 |    97 |   122 ||   336
  Dodge: Dodged            |   116 |    92 |   127 ||   335
  Block: Other             |       |       |    41 ||    41
   Form: Beast             |       |       |     1 ||     1

Table legend: (Time is in decaauts)
 A = Elapsed time spent in this place.
 B = Non-inter-level travel time spent in this place.
 C = Inter-level travel time spent in this place.
 D = Time resting spent in this place.
 E = Time spent auto-exploring this place.
 F = Levels seen in this place.
 G = Mean time per level.
                   A        B        C        D        E       F      G
               +--------+--------+--------+--------+--------+-----+--------+
         Total |   7273 |   6713 |    560 |   1007 |   4369 |   7 | 1039.0 |
       Dungeon |   7273 |   6713 |    560 |   1007 |   4369 |   7 | 1039.0 |
               +--------+--------+--------+--------+--------+-----+--------+

Top non-repeatable levels by time:
     D:4: 1450 daAuts
     D:5: 1306 daAuts
     D:7: 1083 daAuts
     D:3: 975 daAuts
     D:1: 927 daAuts
     D:2: 809 daAuts
     D:6: 721 daAuts
